 Dungeon Crawl Stone Soup version 0.15-a0-2172-g9ff0d5b (webtiles) character file.

1516 Ololoev the Carver (level 8, -3/63 HPs)
             Began as a Centaur Fighter on July 11, 2014.
             Was a Follower of Okawaru.
             Killed from afar by Bubba's ghost (16 damage)
             ... with a spray of energy
             ... on Level 7 of the Dungeon on July 21, 2014.
             The game lasted 00:28:40 (7856 turns).

Ololoev the Carver (Centaur Fighter)                Turns: 7856, Time: 00:28:40

HP  -3/63        AC  6     Str 20      XL: 8   Next: 53%
MP   6/6         EV  9     Int  7      God: Okawaru [*.....]
Gold 265         SH  0     Dex 10      Spells:  0 memorised,  7 levels left

rFire  + . .     SeeInvis .     a - +1 long sword
rCold  . . .     Clarity  .     p - +1 leather armour {rF+}
rNeg   . . .     rCorr    .     (no shield)
rPois  .         rRot     .     s - +0 helmet
rElec  .         Spirit   .     (no cloak)
SustAb .         Warding  .     (no gloves)
rMut   .         Stasis   .     (no barding)
Gourm  +                        y - amulet of the gourmand
MR     .....                    (no ring)
                                (no ring)

@: heavily drained, very quick, not resistant to hostile enchantments, extremely
unstealthy
A: hooves 3, deformed body, speed 2, tough skin 3
a: Heroism, Renounce Religion


You were on level 7 of the Dungeon.
You worshipped Okawaru.
Okawaru was aware of your devotion.
You were very full.

You visited 2 branches of the dungeon, and saw 8 of its levels.

You collected 265 gold pieces.

Inventory:

Hand weapons
 a - a +1 long sword (weapon)
 t - a +2 hunting sling of freezing
Missiles
 b - 15 bolts
 j - 49 arrows
 w - 29 stones (quivered)
 C - 8 bolts of frost
Armour
 c - a +1 shield
 p - a +1 leather armour of fire resistance (worn)
 s - a +0 helmet (worn)
Magical devices
 x - a wand of hasting (3)
Comestibles
 d - 3 bread rations
 m - 4 fruits
 r - 3 slices of pizza
Scrolls
 n - 2 scrolls of teleportation
 q - a scroll of fog
 u - 2 scrolls of remove curse
 v - 2 scrolls of enchant weapon
 B - a scroll of fear
Jewellery
 y - an amulet of the gourmand (around neck)
Potions
 e - a potion of might
 f - 3 potions of curing
 g - a potion of heal wounds {unknown}
 h - 6 potions of flight
 i - 2 potions of magic
 k - a potion of restore abilities
 l - a potion of degeneration {unknown}
 o - a potion of invisibility {unknown}
 z - 2 potions of porridge
 A - 2 potions of brilliance {unknown}


   Skills:
 - Level 3.0(1.8) Fighting
 + Level 10.0(8.5) Long Blades
 - Level 2.1(1.0) Armour
 - Level 2.1(1.0) Shields


You had 7 spell levels left.
You didn't know any spells.

Dungeon Overview and Level Annotations

Branches:
Dungeon (7/15)             Temple (1/1) D:4

Altars:
Cheibriados
Elyvilon
Fedhas
Gozag
Makhleb
Nemelex Xobeh
Okawaru
Sif Muna
Vehumet
Yredelemnul
The Shining One

Annotations:
D:7 Bubba's ghost, experienced HECj


Innate Abilities, Weirdness & Mutations

You have hooves in place of feet.
Armour fits poorly on your strangely shaped body.
You cover ground very quickly.
You have extremely tough skin (AC +3).


Message History

Bubba's ghost is moderately damaged.
Bubba's ghost hits you but does no damage.
You feel drained.
You barely miss Bubba's ghost.
Bubba's ghost is moderately damaged.
Bubba's ghost hits you.
You feel drained.
You hit Bubba's ghost. You kick Bubba's ghost.
Bubba's ghost is moderately damaged.
Bubba's ghost hits you.
You feel drained.
Bubba's ghost gestures at you while chanting.
The spray of energy hits you!
You are confused.
Bubba's ghost casts a spell at you. The orb of energy hits you!
* * * LOW HITPOINT WARNING * * *
Drink which item? (? for menu, Esc to quit)
You feel better.
Bubba's ghost gestures at you while chanting.
The spray of energy hits you!
You die...

#..##
#.....#
##..###....#
##..##....#
##.......#
##......##
##......##
#.......##
#.........#
##.@#####..
#.####..##
#..W..##
##...##
#####


You could see Bubba's ghost.

Vanquished Creatures
  An ice beast (D:5)
  Purgy (Temple)
  An orc warrior (D:6)
  A phantom (D:4)
  An ogre (D:6)
  Sigmund (D:5)
  Duvessa (D:6)
  Blork the orc (D:4)
  2 giant frogs (D:6)
  A scorpion (D:4)
  A centaur zombie (D:5)
  2 crimson imps
  Dowan (D:6)
  2 hounds (D:5)
  3 iguanas
  A giant frog skeleton (D:6)
  Natasha (thrice) (D:6)
  2 worker ants (D:4)
  3 gnolls
  8 adders
  4 green rats (D:6)
  4 worms
  A giant mite (D:6)
  2 shadow imps
  4 giant geckos
  3 oozes
  5 orcs
  12 bats
  A bat skeleton (D:6)
  8 goblins
  11 hobgoblins
  10 kobolds
  9 giant cockroaches
  7 giant newts
  8 jackals
  A kobold skeleton (D:6)
  5 rats
132 creatures vanquished.

Notes
Turn   | Place    | Note
--------------------------------------------------------------
     0 | D:1      | Ololoev, the Centaur Fighter, began the quest for the Orb.
     0 | D:1      | Reached XP level 1. HP: 19/19 MP: 1/1
   186 | D:1      | Reached XP level 2. HP: 13/26 MP: 2/2
   990 | D:1      | Upgraded the game from 0.15-a0-1995-g7e6aeab to 0.15-a0-2165-g9981db6
  1107 | D:1      | Reached XP level 3. HP: 31/31 MP: 3/3
  1487 | D:2      | Upgraded the game from 0.15-a0-2165-g9981db6 to 0.15-a0-2172-g9ff0d5b
  1634 | D:2      | Reached skill level 4 in Long Blades
  1634 | D:2      | Reached XP level 4. HP: 29/38 MP: 3/3
  1757 | D:2      | Found an opulent altar of Gozag.
  2999 | D:3      | Found a blossoming altar of Fedhas.
  3082 | D:3      | Found an opulent altar of Gozag.
  3343 | D:3      | Reached XP level 5. HP: 45/45 MP: 4/4
  3390 | D:3      | Reached skill level 5 in Long Blades
  3895 | D:4      | Reached XP level 6. HP: 51/51 MP: 5/5
  3915 | D:4      | Noticed Blork the orc
  3923 | D:4      | Killed Blork the orc
  3923 | D:4      | Reached skill level 6 in Long Blades
  3936 | D:4      | Found a deep blue altar of Sif Muna.
  4088 | D:4      | Noticed a phantom
  4231 | D:4      | Killed a phantom
  4288 | D:4      | Found a staircase to the Ecumenical Temple.
  4302 | D:4      | Noticed Purgy
  4305 | Temple   | Entered the Ecumenical Temple
  4469 | Temple   | Became a worshipper of Warmaster Okawaru
  4492 | Temple   | Killed Purgy
  4492 | Temple   | Reached skill level 7 in Long Blades
  4492 | Temple   | Reached XP level 7. HP: 39/57 MP: 5/5
  4983 | D:5      | Entered Level 5 of the Dungeon
  5376 | D:5      | Noticed Sigmund
  5404 | D:5      | Killed Sigmund
  5589 | D:5      | Reached skill level 8 in Long Blades
  5914 | D:5      | Acquired Okawaru's first power
  6195 | D:6      | Noticed Dowan
  6228 | D:6      | Killed Dowan
  6228 | D:6      | Reached XP level 8. HP: 61/63 MP: 6/6
  6304 | D:6      | Noticed Duvessa
  6352 | D:6      | Killed Duvessa
  6352 | D:6      | Reached skill level 9 in Long Blades
  7356 | D:6      | Found a burning altar of Makhleb.
  7379 | D:6      | Noticed Natasha
  7383 | D:6      | Killed Natasha
  7536 | D:6      | Noticed Natasha
  7542 | D:6      | Killed Natasha
  7658 | D:6      | Reached skill level 10 in Long Blades
  7748 | D:6      | Noticed Natasha
  7751 | D:6      | Killed Natasha
  7842 | D:7      | Noticed Bubba's ghost (experienced HECj)
  7856 | D:7      | Killed from afar by Bubba's ghost

Action                   |  1- 3 |  4- 6 |  7- 9 || total
-------------------------+-------+-------+-------++-------
Melee: Long sword        |   122 |   115 |   212 ||   449
 Fire: Hunting sling     |       |    21 |    26 ||    47
Evoke: Wand              |       |       |     2 ||     2
  Use: Scroll            |     5 |     7 |     1 ||    13
       Potion            |       |       |     2 ||     2
  Eat: Chunk             |     1 |     6 |    12 ||    19
       Beef jerky        |       |     1 |       ||     1
       Meat ration       |       |       |     1 ||     1
